[ AOE2 MATCH · #473300170 ]
UnrankedSaracens vs Armenians
[ REPLAY ANALYSIS · EXTRACTED FROM THE RECORDED GAME ]
Feudal
11:25
Castle
14:59
Imperial
29:17
| APM avg | 45.0 |
| APM peak | 80 |
| eAPM avg | 23.5 |
| Villagers / military | 154 / 198 |
Focus
⚔️ 41.9% · 🌾 58.1%
Scout Cavalry ×99 · Mameluke ×83 · Battering Ram ×12 · Trebuchet (Packed) ×3 · Monk ×1
Feudal
11:59
Castle
15:32
Imperial
28:21
| APM avg | 41.5 |
| APM peak | 113 |
| eAPM avg | 30.7 |
| Villagers / military | 261 / 217 |
Focus
⚔️ 39.0% · 🌾 61.0%
Skirmisher ×151 · Plumed Archer ×50 · Trebuchet (Packed) ×9 · Battering Ram ×7 · Trade Cart ×1
Feudal
10:09
Castle
14:07
Imperial
26:39
| APM avg | 50.4 |
| APM peak | 93 |
| eAPM avg | 40.5 |
| Villagers / military | 238 / 324 |
Focus
⚔️ 53.2% · 🌾 46.8%
Composite Bowman ×185 · Militia ×119 · Trebuchet (Packed) ×14 · Warrior Priest ×6
Feudal
10:37
Castle
14:12
Imperial
27:36
| APM avg | 43.8 |
| APM peak | 91 |
| eAPM avg | 27.7 |
| Villagers / military | 170 / 198 |
Focus
⚔️ 34.8% · 🌾 65.2%
Spearman ×94 · Fire Lancer ×74 · Iron Pagoda ×14 · Trebuchet (Packed) ×12 · Unknown (1908) ×4 · Monk ×2
Feudal
10:07
Castle
13:44
Imperial
27:10
| APM avg | 32.5 |
| APM peak | 67 |
| eAPM avg | 22.7 |
| Villagers / military | 166 / 148 |
Focus
⚔️ 36.1% · 🌾 63.9%
Camel Scout ×65 · Cataphract ×48 · Scout Cavalry ×20 · Bombard Cannon ×12 · Monk ×2 · Trade Cart ×2
Feudal
10:37
Castle
14:10
Imperial
29:07
| APM avg | 37.2 |
| APM peak | 95 |
| eAPM avg | 21.7 |
| Villagers / military | 155 / 182 |
Focus
⚔️ 33.2% · 🌾 66.8%
Spearman ×154 · Battering Ram ×14 · Mangonel ×13 · Monk ×1
Feudal
11:18
Castle
15:16
Imperial
30:34
| APM avg | 45.4 |
| APM peak | 101 |
| eAPM avg | 21.4 |
| Villagers / military | 178 / 151 |
Focus
⚔️ 29.9% · 🌾 70.1%
Cavalry Archer ×143 · Monk ×4 · Scout Cavalry ×4
Feudal
11:09
Castle
15:07
Imperial
30:18
| APM avg | 40.7 |
| APM peak | 86 |
| eAPM avg | 21.4 |
| Villagers / military | 148 / 223 |
Focus
⚔️ 37.7% · 🌾 62.3%
Camel Scout ×135 · Scout Cavalry ×69 · Bombard Cannon ×15 · Trebuchet (Packed) ×2 · Monk ×1 · Knight ×1
Match map
Initial resources + every placement click. Lines = walls · curves = elevation contours. ◆ gold · ⬟ stone · ● berries · ✦ relic · ◌ wall gap
Your base· ✓ Closed at 14:59 · 6t walls · 5 gate(s)
dadadada's base· ✓ Closed at 15:32 · 0t walls · 2 gate(s)
Timbrhoggvandi's base· ✓ Closed at 14:07 · 0t walls · 2 gate(s)
_DY_镰刀's base· ✓ Closed at 14:12 · 0t walls · 2 gate(s)
d's base· ✓ Closed at 13:44 · 9t walls · 2 gate(s)
CharChar's base· ✓ Closed at 14:10 · 0t walls · 2 gate(s)
bluepeople's base· ✓ Closed at 15:16 · 12t walls · 2 gate(s)
185双开门's base· ✓ Closed at 15:07 · 0t walls · 3 gate(s)
Smoothed initial terrain · ◌ = detected wall gap · hover for details
Inputs per minute
— DZT_江海天 - - dadadada
Build order — DZT_江海天
First 150 of 523 actions detected
| 0:03 | Create | Villager (Male) |
| 0:03 | Create | Villager (Male) |
| 0:04 | Create | Villager (Male) |
| 0:05 | Build | House |
| 0:07 | Build | House |
| 0:12 | Create | Villager (Male) |
| 0:12 | Create | Villager (Male) |
| 1:31 | Create | Villager (Male) |
| 1:49 | Build | Lumber Camp |
| 2:02 | Create | Villager (Male) |
| 2:02 | Create | Villager (Male) |
| 2:20 | Create | Villager (Male) |
| 2:53 | Create | Villager (Male) |
| 2:53 | Create | Villager (Male) |
| 2:53 | Create | Villager (Male) |
| 3:28 | Build | House |
| 3:46 | Create | Villager (Male) |
| 3:47 | Create | Villager (Male) |
| 3:48 | Create | Villager (Male) |
| 4:11 | Create | Villager (Male) |
| 4:15 | Build | Mill |
| 4:47 | Create | Villager (Male) |
| 4:48 | Create | Villager (Male) |
| 5:23 | Build | House |
| 5:30 | Create | Villager (Male) |
| 6:01 | Build | Palisade Gate |
| 6:06 | Build | House |
| 6:10 | Build | Palisade Wall |
| 6:13 | Build | Palisade Wall |
| 6:18 | Build | Palisade Wall |
| 6:19 | Create | Villager (Male) |
| 6:24 | Build | Palisade Wall |
| 6:29 | Build | Palisade Gate |
| 6:32 | Build | Palisade Wall |
| 6:36 | Build | Palisade Wall |
| 6:40 | Create | Villager (Male) |
| 7:00 | Create | Villager (Male) |
| 7:23 | Create | Villager (Male) |
| 7:28 | Build | House |
| 7:55 | Create | Villager (Male) |
| 8:20 | Create | Villager (Male) |
| 8:43 | Create | Villager (Male) |
| 8:44 | Research | Feudal Age |
| 8:58 | Build | Mining Camp |
| 9:03 | Build | Farm |
| 9:16 | Create | Villager (Male) |
| 9:55 | Build | Farm |
| 10:09 | Build | Palisade Gate |
| 10:30 | Build | House |
| 10:53 | Build | House |
| 11:25 | Age | Feudal Age |
| 11:28 | Build | Blacksmith |
| 11:30 | Build | Market |
| 11:42 | Create | Villager (Male) |
| 12:19 | Research | Castle Age |
| 12:39 | Research | Double-Bit Axe |
| 12:39 | Research | Double-Bit Axe |
| 12:50 | Research | Horse Collar |
| 12:50 | Research | Horse Collar |
| 13:10 | Build | Farm |
| 13:10 | Build | Farm |
| 13:10 | Build | Farm |
| 13:10 | Build | Farm |
| 13:11 | Build | Farm |
| 13:11 | Build | Farm |
| 13:12 | Build | Farm |
| 14:04 | Create | Villager (Male) |
| 14:21 | Build | Farm |
| 14:23 | Build | Farm |
| 14:27 | Build | Farm |
| 14:59 | Age | Castle Age |
| 15:02 | Build | Town Center |
| 15:09 | Create | Villager (Male) |
| 15:19 | Build | Town Center |
| 15:35 | Create | Villager (Male) |
| 16:05 | Create | Villager (Male) |
| 16:10 | Research | Bow Saw |
| 16:11 | Research | Bow Saw |
| 16:17 | Create | Villager (Male) |
| 16:18 | Create | Villager (Male) |
| 16:21 | Create | Villager (Male) |
| 16:21 | Create | Villager (Male) |
| 16:29 | Create | Villager (Male) |
| 16:29 | Create | Villager (Male) |
| 16:36 | Create | Villager (Male) |
| 16:38 | Build | House |
| 16:40 | Create | Villager (Male) |
| 16:40 | Create | Villager (Male) |
| 16:44 | Build | Farm |
| 16:53 | Create | Villager (Male) |
| 16:53 | Create | Villager (Male) |
| 17:06 | Build | House |
| 17:11 | Create | Villager (Male) |
| 17:11 | Create | Villager (Male) |
| 17:21 | Create | Villager (Male) |
| 17:21 | Create | Villager (Male) |
| 17:24 | Build | Farm |
| 17:33 | Create | Villager (Male) |
| 17:33 | Create | Villager (Male) |
| 17:38 | Create | Villager (Male) |
| 17:38 | Create | Villager (Male) |
| 17:46 | Build | House |
| 17:57 | Create | Villager (Male) |
| 17:57 | Create | Villager (Male) |
| 18:00 | Build | Farm |
| 18:03 | Build | Farm |
| 18:04 | Create | Villager (Male) |
| 18:12 | Build | Town Center |
| 18:17 | Create | Villager (Male) |
| 18:19 | Build | House |
| 18:31 | Create | Villager (Male) |
| 18:32 | Build | Farm |
| 18:37 | Create | Villager (Male) |
| 18:38 | Create | Villager (Male) |
| 18:44 | Build | Farm |
| 18:44 | Create | Villager (Male) |
| 18:46 | Build | Farm |
| 18:51 | Build | Lumber Camp |
| 18:56 | Build | Farm |
| 18:57 | Create | Villager (Male) |
| 18:57 | Create | Villager (Male) |
| 19:04 | Create | Villager (Male) |
| 19:04 | Create | Villager (Male) |
| 19:06 | Build | House |
| 19:15 | Create | Villager (Male) |
| 19:15 | Create | Villager (Male) |
| 19:20 | Create | Villager (Male) |
| 19:21 | Create | Villager (Male) |
| 19:23 | Build | Farm |
| 19:25 | Create | Villager (Male) |
| 19:25 | Create | Villager (Male) |
| 19:27 | Build | Farm |
| 19:29 | Build | Farm |
| 19:30 | Create | Villager (Male) |
| 19:31 | Create | Villager (Male) |
| 19:33 | Build | Farm |
| 19:38 | Build | House |
| 19:39 | Build | House |
| 19:40 | Create | Villager (Male) |
| 19:40 | Create | Villager (Male) |
| 19:44 | Build | Farm |
| 19:46 | Create | Villager (Male) |
| 19:47 | Create | Villager (Male) |
| 19:52 | Build | Farm |
| 19:53 | Create | Villager (Male) |
| 19:53 | Create | Villager (Male) |
| 19:55 | Build | Farm |
| 19:58 | Build | Farm |
| 20:05 | Build | House |
| 20:06 | Create | Villager (Male) |
Build order — dadadada
First 150 of 699 actions detected
| 0:00 | Create | Villager (Male) |
| 0:00 | Create | Villager (Male) |
| 0:01 | Create | Villager (Male) |
| 0:03 | Build | House |
| 0:04 | Build | House |
| 0:07 | Research | Loom |
| 0:19 | Create | Villager (Male) |
| 0:19 | Create | Villager (Male) |
| 0:24 | Create | Villager (Male) |
| 1:29 | Create | Villager (Male) |
| 1:30 | Create | Villager (Male) |
| 2:01 | Create | Villager (Male) |
| 2:01 | Create | Villager (Male) |
| 2:06 | Create | Villager (Male) |
| 2:07 | Create | Villager (Male) |
| 2:21 | Build | Lumber Camp |
| 2:59 | Create | Villager (Male) |
| 3:00 | Create | Villager (Male) |
| 3:00 | Create | Villager (Male) |
| 3:39 | Build | House |
| 3:58 | Create | Villager (Male) |
| 3:59 | Create | Villager (Male) |
| 3:59 | Create | Villager (Male) |
| 3:59 | Create | Villager (Male) |
| 3:59 | Create | Villager (Male) |
| 4:32 | Create | Villager (Male) |
| 4:45 | Create | Villager (Male) |
| 4:45 | Create | Villager (Male) |
| 5:12 | Build | Mill |
| 5:29 | Build | House |
| 5:58 | Build | House |
| 6:11 | Create | Villager (Male) |
| 6:16 | Create | Villager (Male) |
| 6:21 | Create | Villager (Male) |
| 6:21 | Create | Villager (Male) |
| 6:29 | Create | Villager (Male) |
| 6:47 | Create | Villager (Male) |
| 6:56 | Create | Villager (Male) |
| 6:57 | Create | Villager (Male) |
| 6:57 | Create | Villager (Male) |
| 7:05 | Create | Villager (Male) |
| 7:06 | Create | Villager (Male) |
| 7:37 | Create | Villager (Male) |
| 7:42 | Create | Villager (Male) |
| 7:42 | Create | Villager (Male) |
| 8:06 | Create | Villager (Male) |
| 8:10 | Create | Villager (Male) |
| 8:17 | Build | Mining Camp |
| 8:26 | Create | Villager (Male) |
| 8:33 | Create | Villager (Male) |
| 9:05 | Create | Villager (Male) |
| 9:33 | Research | Feudal Age |
| 9:34 | Research | Feudal Age |
| 10:53 | Build | Mill |
| 11:59 | Age | Feudal Age |
| 12:02 | Build | Market |
| 12:05 | Build | Blacksmith |
| 12:11 | Create | Villager (Male) |
| 12:14 | Research | Horse Collar |
| 12:44 | Build | House |
| 12:48 | Create | Villager (Male) |
| 12:52 | Research | Castle Age |
| 13:11 | Research | Horse Collar |
| 13:29 | Research | Double-Bit Axe |
| 14:25 | Create | Villager (Male) |
| 15:32 | Age | Castle Age |
| 15:36 | Build | Town Center |
| 15:42 | Build | Town Center |
| 15:59 | Build | Town Center |
| 16:02 | Create | Villager (Male) |
| 16:05 | Build | House |
| 16:09 | Build | Farm |
| 16:10 | Build | Farm |
| 16:13 | Build | Farm |
| 16:15 | Create | Villager (Male) |
| 16:23 | Build | Farm |
| 16:24 | Build | Farm |
| 16:27 | Build | Farm |
| 16:28 | Create | Villager (Male) |
| 16:32 | Build | House |
| 16:36 | Create | Villager (Male) |
| 16:40 | Build | Farm |
| 16:45 | Build | Farm |
| 16:48 | Create | Villager (Male) |
| 16:51 | Create | Villager (Male) |
| 16:52 | Create | Villager (Male) |
| 16:56 | Build | Farm |
| 16:59 | Build | Farm |
| 17:02 | Build | Farm |
| 17:05 | Build | Farm |
| 17:07 | Create | Villager (Male) |
| 17:09 | Create | Villager (Male) |
| 17:09 | Create | Villager (Male) |
| 17:09 | Create | Villager (Male) |
| 17:15 | Build | House |
| 17:19 | Create | Villager (Male) |
| 17:31 | Build | Farm |
| 17:40 | Create | Villager (Male) |
| 17:44 | Build | Farm |
| 17:48 | Create | Villager (Male) |
| 17:48 | Create | Villager (Male) |
| 17:57 | Build | Farm |
| 18:02 | Build | Farm |
| 18:06 | Create | Villager (Male) |
| 18:06 | Create | Villager (Male) |
| 18:12 | Build | Farm |
| 18:18 | Build | Farm |
| 18:19 | Build | Farm |
| 18:20 | Create | Villager (Male) |
| 18:20 | Create | Villager (Male) |
| 18:25 | Build | Farm |
| 18:28 | Create | Villager (Male) |
| 18:29 | Create | Villager (Male) |
| 18:37 | Build | Farm |
| 18:40 | Create | Villager (Male) |
| 18:44 | Create | Villager (Male) |
| 18:45 | Create | Villager (Male) |
| 18:49 | Build | Farm |
| 18:56 | Build | Farm |
| 18:57 | Create | Villager (Male) |
| 18:57 | Create | Villager (Male) |
| 19:05 | Create | Villager (Male) |
| 19:05 | Create | Villager (Male) |
| 19:07 | Build | Farm |
| 19:12 | Create | Villager (Male) |
| 19:12 | Create | Villager (Male) |
| 19:14 | Build | Farm |
| 19:20 | Create | Villager (Male) |
| 19:20 | Create | Villager (Male) |
| 19:24 | Build | Farm |
| 19:27 | Create | Villager (Male) |
| 19:27 | Create | Villager (Male) |
| 19:33 | Create | Villager (Male) |
| 19:34 | Create | Villager (Male) |
| 19:43 | Create | Villager (Male) |
| 19:44 | Create | Villager (Male) |
| 19:44 | Create | Villager (Male) |
| 19:44 | Create | Villager (Male) |
| 19:48 | Create | Villager (Male) |
| 19:49 | Create | Villager (Male) |
| 19:49 | Create | Villager (Male) |
| 19:49 | Create | Villager (Male) |
| 19:58 | Build | House |
| 20:02 | Build | Palisade Wall |
| 20:04 | Create | Villager (Male) |
| 20:13 | Build | Farm |
| 20:16 | Build | Farm |
| 20:17 | Build | Farm |
| 20:19 | Build | Farm |
| 20:20 | Create | Villager (Male) |
Build order — Timbrhoggvandi
First 150 of 798 actions detected
| 0:02 | Create | Villager (Male) |
| 0:02 | Create | Villager (Male) |
| 0:03 | Create | Villager (Male) |
| 0:04 | Build | House |
| 0:05 | Build | House |
| 0:20 | Create | Villager (Male) |
| 0:20 | Create | Villager (Male) |
| 1:37 | Create | Villager (Male) |
| 1:38 | Create | Villager (Male) |
| 1:38 | Create | Villager (Male) |
| 1:47 | Create | Villager (Male) |
| 1:47 | Create | Villager (Male) |
| 1:47 | Create | Villager (Male) |
| 2:08 | Create | Villager (Male) |
| 2:09 | Create | Villager (Male) |
| 2:22 | Build | Mule Cart |
| 2:28 | Create | Villager (Male) |
| 2:28 | Create | Villager (Male) |
| 2:47 | Create | Villager (Male) |
| 3:31 | Create | Villager (Male) |
| 3:32 | Create | Villager (Male) |
| 3:45 | Create | Villager (Male) |
| 3:45 | Create | Villager (Male) |
| 3:51 | Build | House |
| 3:52 | Build | House |
| 3:53 | Build | House |
| 3:59 | Create | Villager (Male) |
| 3:59 | Create | Villager (Male) |
| 4:00 | Create | Villager (Male) |
| 4:08 | Create | Villager (Male) |
| 4:08 | Create | Villager (Male) |
| 4:42 | Create | Villager (Male) |
| 4:42 | Create | Villager (Male) |
| 5:02 | Create | Villager (Male) |
| 5:02 | Create | Villager (Male) |
| 5:03 | Create | Villager (Male) |
| 5:05 | Build | Mill |
| 5:13 | Create | Villager (Male) |
| 5:13 | Create | Villager (Male) |
| 5:19 | Create | Villager (Male) |
| 5:19 | Create | Villager (Male) |
| 6:04 | Build | Mule Cart |
| 6:11 | Create | Villager (Male) |
| 6:11 | Create | Villager (Male) |
| 6:11 | Create | Villager (Male) |
| 7:14 | Build | Farm |
| 7:35 | Build | Farm |
| 7:35 | Create | Villager (Male) |
| 7:36 | Create | Villager (Male) |
| 7:59 | Research | Feudal Age |
| 8:02 | Build | Farm |
| 8:45 | Create | Villager (Male) |
| 8:46 | Create | Villager (Male) |
| 10:09 | Age | Feudal Age |
| 10:11 | Build | Market |
| 10:23 | Build | Blacksmith |
| 11:02 | Create | Villager (Male) |
| 11:27 | Research | Castle Age |
| 11:28 | Research | Castle Age |
| 11:48 | Build | House |
| 11:58 | Create | Villager (Male) |
| 11:58 | Create | Villager (Male) |
| 12:32 | Research | Double-Bit Axe |
| 12:32 | Research | Double-Bit Axe |
| 12:35 | Research | Horse Collar |
| 12:35 | Research | Horse Collar |
| 12:44 | Build | Farm |
| 14:07 | Age | Castle Age |
| 14:09 | Build | Monastery |
| 14:12 | Create | Villager (Male) |
| 14:17 | Build | Town Center |
| 14:19 | Create | Villager (Male) |
| 14:27 | Research | Bow Saw |
| 14:27 | Research | Bow Saw |
| 14:43 | Create | Warrior Priest |
| 14:44 | Create | Warrior Priest |
| 14:44 | Create | Warrior Priest |
| 14:45 | Create | Villager (Male) |
| 14:45 | Create | Villager (Male) |
| 14:50 | Build | Farm |
| 15:00 | Create | Villager (Male) |
| 15:26 | Create | Warrior Priest |
| 15:26 | Create | Warrior Priest |
| 15:30 | Build | Farm |
| 15:31 | Build | Farm |
| 15:53 | Create | Villager (Male) |
| 16:02 | Build | Town Center |
| 16:11 | Build | Farm |
| 16:15 | Create | Villager (Male) |
| 16:16 | Create | Villager (Male) |
| 16:32 | Build | Farm |
| 16:37 | Create | Villager (Male) |
| 16:37 | Create | Villager (Male) |
| 16:43 | Build | Farm |
| 16:52 | Build | Farm |
| 16:55 | Create | Villager (Male) |
| 16:55 | Create | Villager (Male) |
| 16:55 | Create | Villager (Male) |
| 16:55 | Create | Villager (Male) |
| 17:03 | Create | Villager (Male) |
| 17:03 | Create | Villager (Male) |
| 17:03 | Create | Villager (Male) |
| 17:17 | Build | Farm |
| 17:18 | Create | Villager (Male) |
| 17:18 | Create | Villager (Male) |
| 17:20 | Build | Farm |
| 17:22 | Build | Farm |
| 17:24 | Build | House |
| 17:29 | Create | Villager (Male) |
| 17:29 | Create | Villager (Male) |
| 17:32 | Build | Farm |
| 17:58 | Create | Villager (Male) |
| 17:58 | Create | Villager (Male) |
| 18:08 | Build | Farm |
| 18:09 | Build | Farm |
| 18:09 | Build | Farm |
| 18:09 | Build | Farm |
| 18:25 | Create | Villager (Male) |
| 18:25 | Create | Villager (Male) |
| 18:25 | Create | Villager (Male) |
| 18:35 | Build | Farm |
| 18:35 | Build | Farm |
| 18:38 | Create | Villager (Male) |
| 18:38 | Create | Villager (Male) |
| 18:46 | Create | Villager (Male) |
| 18:49 | Build | Farm |
| 18:50 | Build | Farm |
| 18:50 | Build | Farm |
| 18:54 | Build | Farm |
| 18:55 | Build | Farm |
| 18:55 | Build | Farm |
| 18:55 | Build | Farm |
| 18:57 | Create | Villager (Male) |
| 18:58 | Create | Villager (Male) |
| 19:05 | Build | Farm |
| 19:07 | Build | Farm |
| 19:08 | Create | Villager (Male) |
| 19:08 | Create | Villager (Male) |
| 19:08 | Create | Villager (Male) |
| 19:15 | Build | House |
| 19:19 | Create | Villager (Male) |
| 19:19 | Create | Villager (Male) |
| 19:21 | Build | House |
| 19:26 | Build | House |
| 19:27 | Build | House |
| 19:28 | Build | House |
| 19:30 | Create | Villager (Male) |
| 19:30 | Create | Villager (Male) |
| 19:30 | Create | Villager (Male) |
| 19:36 | Research | Wheelbarrow |
Build order — _DY_镰刀
First 150 of 533 actions detected
| 0:03 | Create | Villager (Male) |
| 0:03 | Create | Villager (Male) |
| 0:04 | Build | House |
| 0:05 | Create | Villager (Male) |
| 0:05 | Create | Villager (Male) |
| 0:07 | Build | House |
| 1:28 | Create | Villager (Male) |
| 1:28 | Create | Villager (Male) |
| 1:41 | Create | Villager (Male) |
| 1:42 | Create | Villager (Male) |
| 2:02 | Build | Lumber Camp |
| 2:13 | Create | Villager (Male) |
| 2:32 | Create | Villager (Male) |
| 3:10 | Create | Villager (Male) |
| 3:10 | Create | Villager (Male) |
| 3:23 | Create | Villager (Male) |
| 3:24 | Create | Villager (Male) |
| 4:06 | Create | Villager (Male) |
| 4:07 | Create | Villager (Male) |
| 4:18 | Build | Mill |
| 4:21 | Create | Villager (Male) |
| 4:48 | Build | House |
| 5:02 | Create | Villager (Male) |
| 5:02 | Create | Villager (Male) |
| 5:02 | Create | Villager (Male) |
| 5:20 | Build | House |
| 5:40 | Build | Mill |
| 5:43 | Create | Villager (Male) |
| 5:43 | Create | Villager (Male) |
| 5:43 | Create | Villager (Male) |
| 6:05 | Create | Villager (Male) |
| 6:06 | Create | Villager (Male) |
| 6:42 | Create | Villager (Male) |
| 6:49 | Create | Villager (Male) |
| 6:49 | Create | Villager (Male) |
| 7:16 | Create | Villager (Male) |
| 8:27 | Research | Feudal Age |
| 10:25 | Create | Villager (Male) |
| 10:25 | Create | Villager (Male) |
| 10:37 | Age | Feudal Age |
| 10:42 | Build | Market |
| 10:43 | Build | Blacksmith |
| 11:24 | Research | Double-Bit Axe |
| 11:32 | Research | Castle Age |
| 11:50 | Research | Horse Collar |
| 11:50 | Research | Horse Collar |
| 12:09 | Build | House |
| 12:37 | Build | House |
| 13:21 | Build | Farm |
| 13:24 | Build | Farm |
| 14:00 | Build | Farm |
| 14:09 | Create | Villager (Male) |
| 14:12 | Age | Castle Age |
| 14:14 | Build | Town Center |
| 14:17 | Build | Town Center |
| 14:19 | Build | Farm |
| 14:23 | Research | Bow Saw |
| 14:24 | Create | Villager (Male) |
| 14:46 | Create | Villager (Male) |
| 15:05 | Build | Farm |
| 15:07 | Create | Villager (Male) |
| 15:31 | Build | Farm |
| 15:33 | Create | Villager (Male) |
| 15:39 | Build | Farm |
| 15:41 | Build | Farm |
| 15:44 | Create | Villager (Male) |
| 15:50 | Build | Farm |
| 15:59 | Build | Farm |
| 16:04 | Create | Villager (Male) |
| 16:04 | Create | Villager (Male) |
| 16:12 | Build | Farm |
| 16:15 | Create | Villager (Male) |
| 16:15 | Create | Villager (Male) |
| 16:23 | Create | Villager (Male) |
| 16:23 | Create | Villager (Male) |
| 16:31 | Build | Farm |
| 16:37 | Build | Farm |
| 16:41 | Build | Farm |
| 16:43 | Create | Villager (Male) |
| 16:49 | Create | Villager (Male) |
| 16:54 | Create | Villager (Male) |
| 16:54 | Create | Villager (Male) |
| 17:00 | Build | Farm |
| 17:10 | Build | Farm |
| 17:11 | Create | Villager (Male) |
| 17:14 | Build | Farm |
| 17:19 | Build | House |
| 17:21 | Create | Villager (Male) |
| 17:24 | Build | House |
| 17:31 | Build | Farm |
| 17:32 | Create | Villager (Male) |
| 17:32 | Create | Villager (Male) |
| 17:40 | Build | Farm |
| 17:43 | Create | Villager (Male) |
| 17:43 | Create | Villager (Male) |
| 17:50 | Create | Villager (Male) |
| 17:50 | Create | Villager (Male) |
| 17:53 | Build | Farm |
| 17:59 | Build | Farm |
| 18:00 | Create | Villager (Male) |
| 18:03 | Build | House |
| 18:04 | Build | House |
| 18:18 | Create | Villager (Male) |
| 18:18 | Create | Villager (Male) |
| 18:19 | Create | Villager (Male) |
| 18:23 | Build | Farm |
| 18:29 | Create | Villager (Male) |
| 18:30 | Create | Villager (Male) |
| 18:31 | Create | Villager (Male) |
| 18:35 | Build | Farm |
| 18:38 | Build | Farm |
| 18:43 | Create | Villager (Male) |
| 18:44 | Create | Villager (Male) |
| 18:48 | Create | Villager (Male) |
| 18:49 | Create | Villager (Male) |
| 18:55 | Build | Farm |
| 18:55 | Build | Farm |
| 19:02 | Create | Villager (Male) |
| 19:02 | Create | Villager (Male) |
| 19:06 | Build | House |
| 19:08 | Build | House |
| 19:11 | Create | Villager (Male) |
| 19:11 | Create | Villager (Male) |
| 19:31 | Research | Wheelbarrow |
| 19:32 | Research | Wheelbarrow |
| 19:39 | Build | Farm |
| 19:40 | Build | Farm |
| 19:42 | Create | Villager (Male) |
| 19:48 | Create | Villager (Male) |
| 19:48 | Create | Villager (Male) |
| 19:52 | Create | Villager (Male) |
| 19:59 | Create | Villager (Male) |
| 19:59 | Create | Villager (Male) |
| 20:07 | Create | Villager (Male) |
| 20:08 | Create | Villager (Male) |
| 20:12 | Create | Villager (Male) |
| 20:17 | Create | Villager (Male) |
| 20:17 | Create | Villager (Male) |
| 20:18 | Build | House |
| 20:19 | Build | House |
| 20:20 | Create | Villager (Male) |
| 20:24 | Create | Villager (Male) |
| 20:25 | Create | Villager (Male) |
| 20:32 | Create | Villager (Male) |
| 20:38 | Create | Villager (Male) |
| 20:48 | Create | Villager (Male) |
| 20:48 | Create | Villager (Male) |
| 20:49 | Create | Villager (Male) |
| 20:53 | Build | Farm |
| 20:53 | Build | Farm |
Build order — d
First 150 of 523 actions detected
| 0:01 | Create | Villager (Male) |
| 0:01 | Create | Villager (Male) |
| 0:02 | Create | Villager (Male) |
| 0:02 | Create | Villager (Male) |
| 0:04 | Build | House |
| 0:06 | Build | House |
| 1:30 | Create | Villager (Male) |
| 1:31 | Create | Villager (Male) |
| 1:46 | Build | Lumber Camp |
| 2:00 | Create | Villager (Male) |
| 2:23 | Create | Villager (Male) |
| 2:45 | Create | Villager (Male) |
| 2:46 | Create | Villager (Male) |
| 3:20 | Create | Villager (Male) |
| 3:25 | Build | House |
| 3:38 | Create | Villager (Male) |
| 3:53 | Build | Mill |
| 4:00 | Create | Villager (Male) |
| 4:01 | Create | Villager (Male) |
| 4:09 | Build | Palisade Wall |
| 4:17 | Build | Palisade Wall |
| 4:18 | Build | Palisade Wall |
| 4:21 | Build | Palisade Wall |
| 4:26 | Build | Palisade Wall |
| 4:32 | Build | Palisade Wall |
| 4:34 | Build | Palisade Wall |
| 4:37 | Create | Villager (Male) |
| 4:40 | Build | Palisade Wall |
| 4:41 | Create | Villager (Male) |
| 4:43 | Build | Palisade Wall |
| 4:55 | Build | House |
| 5:15 | Create | Villager (Male) |
| 5:15 | Create | Villager (Male) |
| 5:15 | Create | Villager (Male) |
| 5:50 | Create | Villager (Male) |
| 6:26 | Build | Farm |
| 6:29 | Create | Villager (Male) |
| 6:54 | Build | Farm |
| 7:07 | Create | Villager (Male) |
| 7:13 | Create | Villager (Male) |
| 7:51 | Build | Mining Camp |
| 7:56 | Research | Feudal Age |
| 7:57 | Research | Feudal Age |
| 10:00 | Create | Villager (Male) |
| 10:00 | Create | Villager (Male) |
| 10:07 | Age | Feudal Age |
| 10:13 | Build | Market |
| 10:21 | Build | Blacksmith |
| 11:04 | Research | Castle Age |
| 11:04 | Research | Castle Age |
| 11:20 | Build | House |
| 11:37 | Research | Double-Bit Axe |
| 11:44 | Research | Horse Collar |
| 11:44 | Research | Horse Collar |
| 12:12 | Build | Farm |
| 12:22 | Build | Farm |
| 13:26 | Create | Villager (Male) |
| 13:26 | Create | Villager (Male) |
| 13:44 | Age | Castle Age |
| 13:45 | Build | Town Center |
| 13:59 | Build | Town Center |
| 14:17 | Create | Villager (Male) |
| 14:22 | Build | House |
| 14:44 | Research | Bow Saw |
| 14:46 | Create | Villager (Male) |
| 15:03 | Build | Farm |
| 15:05 | Create | Villager (Male) |
| 15:08 | Create | Villager (Male) |
| 15:14 | Create | Villager (Male) |
| 15:19 | Create | Villager (Male) |
| 15:28 | Create | Villager (Male) |
| 15:32 | Build | Farm |
| 15:35 | Build | Farm |
| 15:41 | Build | Farm |
| 15:45 | Create | Villager (Male) |
| 15:46 | Create | Villager (Male) |
| 15:51 | Build | Farm |
| 16:00 | Create | Villager (Male) |
| 16:04 | Build | Farm |
| 16:06 | Build | Farm |
| 16:07 | Create | Villager (Male) |
| 16:08 | Create | Villager (Male) |
| 16:10 | Build | Farm |
| 16:13 | Build | Farm |
| 16:23 | Build | Farm |
| 16:23 | Build | Farm |
| 16:39 | Create | Villager (Male) |
| 16:43 | Build | Farm |
| 16:47 | Build | Farm |
| 16:49 | Build | Farm |
| 16:49 | Create | Villager (Male) |
| 16:50 | Create | Villager (Male) |
| 16:53 | Build | Farm |
| 16:56 | Build | Farm |
| 17:07 | Build | Farm |
| 17:11 | Build | Farm |
| 17:13 | Create | Villager (Male) |
| 17:14 | Build | Farm |
| 17:16 | Create | Villager (Male) |
| 17:16 | Create | Villager (Male) |
| 17:31 | Create | Villager (Male) |
| 17:41 | Build | Farm |
| 17:51 | Create | Villager (Male) |
| 17:51 | Create | Villager (Male) |
| 17:53 | Build | House |
| 17:57 | Build | Farm |
| 17:57 | Create | Villager (Male) |
| 17:59 | Build | Farm |
| 18:00 | Create | Villager (Male) |
| 18:11 | Create | Villager (Male) |
| 18:11 | Create | Villager (Male) |
| 18:16 | Build | House |
| 18:17 | Build | House |
| 18:20 | Create | Villager (Male) |
| 18:25 | Create | Villager (Male) |
| 18:28 | Build | Town Center |
| 18:29 | Create | Villager (Male) |
| 18:39 | Build | Farm |
| 18:40 | Build | Farm |
| 18:45 | Create | Villager (Male) |
| 18:46 | Create | Villager (Male) |
| 18:48 | Create | Villager (Male) |
| 18:49 | Create | Villager (Male) |
| 18:51 | Create | Villager (Male) |
| 18:51 | Create | Villager (Male) |
| 18:58 | Build | Farm |
| 19:00 | Build | Farm |
| 19:01 | Create | Villager (Male) |
| 19:02 | Create | Villager (Male) |
| 19:13 | Build | Farm |
| 19:13 | Create | Villager (Male) |
| 19:14 | Create | Villager (Male) |
| 19:16 | Build | Farm |
| 19:18 | Create | Villager (Male) |
| 19:21 | Build | House |
| 19:21 | Build | House |
| 19:24 | Create | Villager (Male) |
| 19:25 | Create | Villager (Male) |
| 19:31 | Create | Villager (Male) |
| 19:31 | Create | Villager (Male) |
| 19:40 | Create | Villager (Male) |
| 19:40 | Create | Villager (Male) |
| 19:48 | Build | Mill |
| 19:49 | Build | Farm |
| 19:49 | Build | Farm |
| 19:50 | Build | Farm |
| 19:50 | Build | Farm |
| 19:50 | Build | Farm |
| 19:51 | Build | Farm |
| 19:51 | Build | Farm |
Build order — CharChar
First 150 of 460 actions detected
| 0:04 | Create | Villager (Male) |
| 0:04 | Create | Villager (Male) |
| 0:04 | Create | Villager (Male) |
| 0:05 | Build | House |
| 0:06 | Build | House |
| 0:24 | Create | Villager (Male) |
| 1:45 | Create | Villager (Male) |
| 1:45 | Create | Villager (Male) |
| 1:46 | Create | Villager (Male) |
| 2:10 | Create | Villager (Male) |
| 2:11 | Create | Villager (Male) |
| 2:17 | Create | Villager (Male) |
| 2:17 | Create | Villager (Male) |
| 2:18 | Create | Villager (Male) |
| 2:53 | Create | Villager (Male) |
| 3:06 | Create | Villager (Male) |
| 3:06 | Create | Villager (Male) |
| 3:13 | Build | House |
| 3:41 | Create | Villager (Male) |
| 3:42 | Create | Villager (Male) |
| 3:42 | Create | Villager (Male) |
| 3:56 | Build | House |
| 4:01 | Create | Villager (Male) |
| 4:02 | Create | Villager (Male) |
| 4:08 | Build | Mill |
| 4:51 | Create | Villager (Male) |
| 4:51 | Create | Villager (Male) |
| 5:16 | Create | Villager (Male) |
| 5:16 | Create | Villager (Male) |
| 5:16 | Create | Villager (Male) |
| 6:11 | Create | Villager (Male) |
| 6:11 | Create | Villager (Male) |
| 6:12 | Create | Villager (Male) |
| 6:12 | Create | Villager (Male) |
| 7:59 | Build | Mule Cart |
| 8:02 | Create | Villager (Male) |
| 8:07 | Research | Feudal Age |
| 10:13 | Build | House |
| 10:26 | Create | Villager (Male) |
| 10:26 | Create | Villager (Male) |
| 10:37 | Age | Feudal Age |
| 10:43 | Build | Market |
| 10:48 | Build | Blacksmith |
| 11:30 | Research | Castle Age |
| 11:31 | Research | Castle Age |
| 11:35 | Build | House |
| 12:25 | Research | Double-Bit Axe |
| 12:25 | Research | Double-Bit Axe |
| 12:56 | Research | Horse Collar |
| 12:56 | Research | Horse Collar |
| 13:00 | Build | Farm |
| 13:01 | Build | Farm |
| 13:17 | Build | Farm |
| 13:18 | Build | Farm |
| 13:19 | Build | Farm |
| 13:22 | Build | Farm |
| 14:08 | Create | Villager (Male) |
| 14:10 | Age | Castle Age |
| 14:14 | Build | Town Center |
| 14:18 | Create | Villager (Male) |
| 14:40 | Research | Bow Saw |
| 14:40 | Research | Bow Saw |
| 15:01 | Create | Villager (Male) |
| 15:18 | Build | Town Center |
| 15:29 | Create | Villager (Male) |
| 15:35 | Build | Farm |
| 15:41 | Build | Farm |
| 15:50 | Create | Villager (Male) |
| 15:55 | Create | Villager (Male) |
| 15:55 | Create | Villager (Male) |
| 15:59 | Build | Farm |
| 16:02 | Build | Farm |
| 16:08 | Build | Farm |
| 16:12 | Create | Villager (Male) |
| 16:12 | Create | Villager (Male) |
| 16:13 | Create | Villager (Male) |
| 16:13 | Create | Villager (Male) |
| 16:25 | Build | Farm |
| 16:29 | Build | Farm |
| 16:37 | Build | Farm |
| 16:38 | Create | Villager (Male) |
| 16:38 | Create | Villager (Male) |
| 16:53 | Build | Farm |
| 16:55 | Create | Villager (Male) |
| 16:55 | Create | Villager (Male) |
| 17:05 | Build | Farm |
| 17:09 | Create | Villager (Male) |
| 17:09 | Create | Villager (Male) |
| 17:09 | Create | Villager (Male) |
| 17:14 | Build | Farm |
| 17:21 | Build | Farm |
| 17:23 | Create | Villager (Male) |
| 17:23 | Create | Villager (Male) |
| 17:33 | Build | Farm |
| 17:36 | Build | Farm |
| 17:37 | Create | Villager (Male) |
| 17:37 | Create | Villager (Male) |
| 17:40 | Create | Villager (Male) |
| 17:45 | Build | Farm |
| 17:50 | Build | Farm |
| 17:52 | Create | Villager (Male) |
| 17:53 | Create | Villager (Male) |
| 17:53 | Create | Villager (Male) |
| 18:03 | Create | Villager (Male) |
| 18:03 | Create | Villager (Male) |
| 18:04 | Create | Villager (Male) |
| 18:06 | Build | Farm |
| 18:07 | Create | Villager (Male) |
| 18:07 | Create | Villager (Male) |
| 18:15 | Build | Farm |
| 18:18 | Build | Farm |
| 18:24 | Create | Villager (Male) |
| 18:24 | Create | Villager (Male) |
| 18:24 | Create | Villager (Male) |
| 18:36 | Build | Farm |
| 18:41 | Create | Villager (Male) |
| 18:41 | Create | Villager (Male) |
| 18:41 | Create | Villager (Male) |
| 18:50 | Build | House |
| 18:52 | Research | Wheelbarrow |
| 19:27 | Build | House |
| 19:31 | Create | Villager (Male) |
| 19:31 | Create | Villager (Male) |
| 19:32 | Create | Villager (Male) |
| 19:32 | Create | Villager (Male) |
| 19:32 | Create | Villager (Male) |
| 19:32 | Create | Villager (Male) |
| 19:32 | Create | Villager (Male) |
| 19:45 | Build | Farm |
| 19:47 | Build | Farm |
| 19:57 | Create | Villager (Male) |
| 19:57 | Create | Villager (Male) |
| 20:12 | Build | House |
| 20:21 | Research | Hand Cart |
| 20:21 | Research | Hand Cart |
| 20:25 | Build | House |
| 20:26 | Build | House |
| 20:41 | Create | Villager (Male) |
| 20:41 | Create | Villager (Male) |
| 21:02 | Build | Monastery |
| 21:07 | Create | Villager (Male) |
| 21:07 | Create | Villager (Male) |
| 21:17 | Research | Heavy Plow |
| 21:20 | Create | Villager (Male) |
| 21:20 | Create | Villager (Male) |
| 21:20 | Create | Villager (Male) |
| 21:20 | Create | Villager (Male) |
| 21:21 | Create | Villager (Male) |
| 21:32 | Build | House |
| 21:34 | Create | Villager (Male) |
Build order — bluepeople
First 150 of 435 actions detected
| 0:00 | Create | Villager (Male) |
| 0:01 | Create | Villager (Male) |
| 0:01 | Create | Villager (Male) |
| 0:02 | Create | Villager (Male) |
| 0:02 | Create | Villager (Male) |
| 0:04 | Build | House |
| 0:06 | Build | House |
| 1:32 | Create | Villager (Male) |
| 1:52 | Build | Lumber Camp |
| 2:00 | Create | Villager (Male) |
| 2:16 | Create | Villager (Male) |
| 2:17 | Create | Villager (Male) |
| 2:52 | Create | Villager (Male) |
| 3:17 | Create | Villager (Male) |
| 3:41 | Build | House |
| 3:42 | Build | House |
| 3:43 | Build | House |
| 3:52 | Create | Villager (Male) |
| 4:20 | Build | House |
| 4:29 | Create | Villager (Male) |
| 4:49 | Create | Villager (Male) |
| 5:03 | Build | Mill |
| 5:12 | Build | Palisade Wall |
| 5:19 | Create | Villager (Male) |
| 5:22 | Create | Villager (Male) |
| 5:39 | Build | Palisade Wall |
| 5:40 | Build | Palisade Wall |
| 5:41 | Build | Palisade Wall |
| 5:42 | Build | Palisade Wall |
| 5:42 | Build | Palisade Wall |
| 5:43 | Build | Palisade Wall |
| 6:06 | Build | Palisade Wall |
| 6:10 | Create | Villager (Male) |
| 6:12 | Build | Palisade Wall |
| 6:12 | Create | Villager (Male) |
| 6:17 | Build | Farm |
| 6:24 | Create | Villager (Male) |
| 6:42 | Create | Villager (Male) |
| 6:54 | Create | Villager (Male) |
| 7:12 | Create | Villager (Male) |
| 7:38 | Build | Lumber Camp |
| 7:41 | Create | Villager (Male) |
| 8:01 | Build | Farm |
| 8:47 | Build | Mining Camp |
| 9:08 | Research | Feudal Age |
| 10:08 | Create | Villager (Male) |
| 10:08 | Create | Villager (Male) |
| 10:27 | Build | Barracks |
| 11:18 | Age | Feudal Age |
| 11:22 | Build | Stable |
| 11:26 | Build | Blacksmith |
| 12:36 | Research | Castle Age |
| 12:36 | Research | Castle Age |
| 13:15 | Create | Scout Cavalry |
| 13:50 | Research | Double-Bit Axe |
| 13:52 | Create | Scout Cavalry |
| 14:01 | Research | Horse Collar |
| 14:04 | Build | Farm |
| 14:06 | Build | Farm |
| 14:11 | Build | House |
| 14:12 | Build | House |
| 14:29 | Create | Scout Cavalry |
| 14:48 | Create | Villager (Male) |
| 15:06 | Build | Farm |
| 15:09 | Build | Farm |
| 15:13 | Build | Farm |
| 15:16 | Age | Castle Age |
| 15:23 | Build | Monastery |
| 15:26 | Create | Villager (Male) |
| 15:58 | Build | Town Center |
| 16:03 | Create | Monk |
| 16:08 | Build | House |
| 16:09 | Build | Palisade Wall |
| 16:10 | Create | Villager (Male) |
| 16:27 | Create | Villager (Male) |
| 16:35 | Build | House |
| 16:36 | Build | House |
| 16:38 | Create | Villager (Male) |
| 16:59 | Create | Villager (Male) |
| 17:02 | Create | Monk |
| 17:07 | Create | Villager (Male) |
| 17:09 | Build | Farm |
| 17:10 | Create | Villager (Male) |
| 17:11 | Build | Farm |
| 17:12 | Build | Farm |
| 17:12 | Build | Farm |
| 17:12 | Build | Farm |
| 17:25 | Create | Villager (Male) |
| 17:30 | Build | Farm |
| 17:51 | Create | Villager (Male) |
| 17:58 | Build | Farm |
| 17:58 | Build | Farm |
| 17:58 | Build | Farm |
| 18:02 | Create | Villager (Male) |
| 18:07 | Build | Farm |
| 18:08 | Build | Farm |
| 18:08 | Build | Farm |
| 18:17 | Create | Villager (Male) |
| 18:28 | Create | Villager (Male) |
| 18:32 | Build | Farm |
| 18:32 | Build | Farm |
| 18:32 | Build | Farm |
| 18:32 | Build | Farm |
| 18:39 | Build | House |
| 18:40 | Build | House |
| 18:40 | Build | House |
| 18:51 | Create | Villager (Male) |
| 18:58 | Create | Villager (Male) |
| 19:01 | Create | Villager (Male) |
| 19:12 | Create | Monk |
| 19:16 | Create | Villager (Male) |
| 19:16 | Create | Villager (Male) |
| 19:24 | Create | Villager (Male) |
| 19:31 | Create | Villager (Male) |
| 19:32 | Build | Farm |
| 19:33 | Build | Farm |
| 19:33 | Build | Farm |
| 19:33 | Build | Farm |
| 19:37 | Build | Farm |
| 19:38 | Build | Farm |
| 19:38 | Build | Farm |
| 19:38 | Build | Farm |
| 19:38 | Build | Farm |
| 19:38 | Build | Farm |
| 19:47 | Create | Villager (Male) |
| 19:54 | Create | Villager (Male) |
| 20:02 | Create | Villager (Male) |
| 20:02 | Create | Villager (Male) |
| 20:14 | Create | Villager (Male) |
| 20:19 | Build | House |
| 20:20 | Build | House |
| 20:21 | Build | House |
| 20:22 | Create | Villager (Male) |
| 20:28 | Build | Town Center |
| 20:30 | Create | Villager (Male) |
| 20:40 | Create | Villager (Male) |
| 20:41 | Create | Villager (Male) |
| 20:48 | Create | Monk |
| 20:55 | Create | Villager (Male) |
| 21:01 | Create | Villager (Male) |
| 21:01 | Create | Villager (Male) |
| 21:07 | Create | Villager (Male) |
| 21:12 | Create | Villager (Male) |
| 21:16 | Build | Farm |
| 21:19 | Build | Farm |
| 21:19 | Build | Farm |
| 21:19 | Build | Farm |
| 21:20 | Build | Farm |
| 21:20 | Build | Farm |
| 21:20 | Build | Farm |
Build order — 185双开门
First 150 of 411 actions detected
| 0:03 | Build | House |
| 0:05 | Build | House |
| 0:14 | Create | Villager (Male) ×4 |
| 1:31 | Create | Villager (Male) |
| 1:32 | Create | Villager (Male) |
| 2:00 | Build | Lumber Camp |
| 2:06 | Create | Villager (Male) |
| 2:06 | Create | Villager (Male) |
| 2:19 | Create | Villager (Male) |
| 2:50 | Create | Villager (Male) |
| 3:06 | Create | Villager (Male) |
| 3:06 | Create | Villager (Male) |
| 3:38 | Create | Villager (Male) |
| 3:38 | Create | Villager (Male) |
| 3:47 | Create | Villager (Male) |
| 3:47 | Create | Villager (Male) |
| 4:06 | Build | House |
| 4:07 | Build | House |
| 4:20 | Create | Villager (Male) |
| 4:20 | Create | Villager (Male) |
| 4:31 | Build | Mill |
| 5:00 | Create | Villager (Male) |
| 5:01 | Create | Villager (Male) |
| 5:01 | Create | Villager (Male) |
| 5:31 | Create | Villager (Male) |
| 5:59 | Create | Villager (Male) |
| 6:00 | Create | Villager (Male) |
| 6:24 | Create | Villager (Male) |
| 6:51 | Build | Mill |
| 7:10 | Create | Villager (Male) |
| 7:28 | Create | Villager (Male) |
| 7:28 | Create | Villager (Male) |
| 8:11 | Build | Farm |
| 8:21 | Build | Farm |
| 8:38 | Research | Feudal Age |
| 8:41 | Build | Mining Camp |
| 9:03 | Build | Farm |
| 9:42 | Create | Villager (Male) |
| 9:42 | Create | Villager (Male) |
| 10:11 | Build | Farm |
| 10:21 | Build | House |
| 11:09 | Age | Feudal Age |
| 11:12 | Build | Market |
| 11:34 | Build | Blacksmith |
| 11:48 | Create | Villager (Male) |
| 12:27 | Research | Castle Age |
| 12:29 | Research | Double-Bit Axe |
| 12:41 | Build | House |
| 13:00 | Research | Horse Collar |
| 13:23 | Create | Villager (Male) |
| 13:23 | Create | Villager (Male) |
| 15:07 | Age | Castle Age |
| 15:14 | Build | Town Center |
| 15:17 | Build | Town Center |
| 15:21 | Create | Villager (Male) |
| 15:26 | Build | Monastery |
| 15:28 | Research | Bow Saw |
| 15:36 | Research | Heavy Plow |
| 15:54 | Create | Villager (Male) |
| 15:59 | Build | Farm |
| 16:20 | Create | Monk |
| 16:21 | Create | Villager (Male) |
| 16:24 | Build | Farm |
| 16:32 | Create | Villager (Male) |
| 16:47 | Create | Villager (Male) |
| 16:48 | Create | Villager (Male) |
| 16:52 | Build | Farm |
| 16:55 | Create | Villager (Male) |
| 16:55 | Create | Villager (Male) |
| 17:03 | Build | Farm |
| 17:04 | Build | Farm |
| 17:12 | Build | Farm |
| 17:17 | Build | Farm |
| 17:31 | Create | Villager (Male) ×2 |
| 17:46 | Build | Farm |
| 17:55 | Create | Villager (Male) ×2 |
| 17:59 | Build | Farm |
| 18:05 | Build | Farm |
| 18:07 | Create | Villager (Male) |
| 18:07 | Create | Villager (Male) |
| 18:16 | Build | Farm |
| 18:17 | Build | Farm |
| 18:19 | Build | Farm |
| 18:20 | Build | Farm |
| 18:24 | Create | Villager (Male) ×2 |
| 18:24 | Create | Villager (Male) ×2 |
| 18:27 | Build | Farm |
| 18:38 | Build | Farm |
| 18:45 | Create | Villager (Male) |
| 18:46 | Create | Villager (Male) |
| 18:53 | Create | Villager (Male) |
| 18:54 | Create | Villager (Male) |
| 18:58 | Build | Farm |
| 19:04 | Build | House |
| 19:12 | Build | House |
| 19:19 | Create | Villager (Male) |
| 19:19 | Create | Villager (Male) |
| 19:22 | Create | Villager (Male) ×2 |
| 19:27 | Build | Farm |
| 19:30 | Build | Farm |
| 19:34 | Create | Villager (Male) |
| 19:34 | Create | Villager (Male) |
| 19:38 | Build | House |
| 19:55 | Create | Villager (Male) ×3 |
| 20:00 | Build | Farm |
| 20:08 | Create | Villager (Male) |
| 20:08 | Create | Villager (Male) |
| 20:12 | Build | Farm |
| 20:15 | Build | Farm |
| 20:17 | Create | Villager (Male) |
| 20:19 | Build | Farm |
| 20:26 | Build | House |
| 20:48 | Create | Villager (Male) ×5 |
| 20:50 | Build | Farm |
| 20:57 | Build | House |
| 21:01 | Build | Town Center |
| 21:06 | Research | Wheelbarrow |
| 21:11 | Build | Farm |
| 21:13 | Create | Villager (Male) |
| 21:14 | Create | Villager (Male) |
| 21:25 | Build | Farm |
| 21:28 | Build | House |
| 21:36 | Build | Farm |
| 21:56 | Create | Villager (Male) |
| 21:56 | Create | Villager (Male) |
| 22:00 | Build | House |
| 22:03 | Build | Farm |
| 22:04 | Build | Farm |
| 22:06 | Build | Farm |
| 22:08 | Build | Farm |
| 22:10 | Create | Villager (Male) |
| 22:10 | Create | Villager (Male) |
| 22:13 | Build | Farm |
| 22:18 | Build | Farm |
| 22:21 | Build | Farm |
| 22:24 | Create | Villager (Male) |
| 22:28 | Create | Villager (Male) |
| 22:28 | Create | Villager (Male) |
| 22:28 | Create | Villager (Male) |
| 22:31 | Create | Villager (Male) |
| 22:31 | Create | Villager (Male) |
| 22:37 | Build | House |
| 22:54 | Create | Villager (Male) |
| 22:55 | Research | Hand Cart |
| 23:10 | Create | Villager (Male) |
| 23:12 | Build | Farm |
| 23:21 | Build | Mining Camp |
| 23:23 | Research | Stone Mining |
| 23:33 | Build | House |
| 23:34 | Build | House |
Match timeline
| 4:09 | d · wall_segment Palisade Wall x1 |
| 4:17 | d · wall_segment Palisade Wall x1 |
| 4:18 | d · wall_segment Palisade Wall x1 |
| 4:21 | d · wall_segment Palisade Wall x1 |
| 4:26 | d · wall_segment Palisade Wall x1 |
| 4:32 | d · wall_segment Palisade Wall x1 |
| 4:34 | d · wall_segment Palisade Wall x1 |
| 4:40 | d · wall_segment Palisade Wall x1 |
| 4:43 | d · wall_segment Palisade Wall x1 |
| 5:12 | bluepeople · wall_segment Palisade Wall x5 |
| 5:39 | bluepeople · wall_segment Palisade Wall x1 |
| 5:40 | bluepeople · wall_segment Palisade Wall x1 |
| 5:41 | bluepeople · wall_segment Palisade Wall x1 |
| 5:42 | bluepeople · wall_segment Palisade Wall x1 |
| 5:42 | bluepeople · wall_segment Palisade Wall x1 |
| 5:43 | bluepeople · wall_segment Palisade Wall x1 |
| 6:06 | bluepeople · wall_segment Palisade Wall x1 |
| 6:10 | DZT_江海天 · wall_segment Palisade Wall x1 |
| 6:12 | bluepeople · wall_segment Palisade Wall x1 |
| 6:13 | DZT_江海天 · wall_segment Palisade Wall x1 |
| 6:18 | DZT_江海天 · wall_segment Palisade Wall x1 |
| 6:24 | DZT_江海天 · wall_segment Palisade Wall x1 |
| 6:32 | DZT_江海天 · wall_segment Palisade Wall x1 |
| 6:36 | DZT_江海天 · wall_segment Palisade Wall x1 |
| 10:07 | d · age_up feudal |
| 10:09 | Timbrhoggvandi · age_up feudal |
| 10:27 | bluepeople · first_building Barracks |
| 10:37 | _DY_镰刀 · age_up feudal |
| 10:37 | CharChar · age_up feudal |
| 11:09 | 185双开门 · age_up feudal |
| 11:18 | bluepeople · age_up feudal |
| 11:22 | bluepeople · first_building Stable |
| 11:25 | DZT_江海天 · age_up feudal |
| 11:31 | _DY_镰刀 · first_market_sell 100 wood |
| 11:59 | dadadada · age_up feudal |
| 13:44 | d · age_up castle |
| 14:07 | Timbrhoggvandi · age_up castle |
| 14:09 | Timbrhoggvandi · first_building Monastery |
| 14:10 | CharChar · age_up castle |
| 14:12 | _DY_镰刀 · age_up castle |
| 14:59 | DZT_江海天 · age_up castle |
| 15:07 | 185双开门 · age_up castle |
| 15:13 | d · first_market_buy 100 food |
| 15:16 | bluepeople · age_up castle |
| 15:23 | bluepeople · first_building Monastery |
| 15:26 | 185双开门 · first_building Monastery |
| 15:32 | dadadada · age_up castle |
| 15:49 | CharChar · first_market_buy 100 food |
| 15:53 | 185双开门 · first_market_buy 100 food |
| 15:53 | dadadada · first_market_sell 100 wood |
| 15:54 | dadadada · first_market_buy 100 stone |
| 16:09 | DZT_江海天 · first_market_buy 100 wood |
| 16:09 | bluepeople · wall_segment Palisade Wall x1 |
| 16:54 | Timbrhoggvandi · first_market_buy 100 food |
| 20:02 | dadadada · wall_segment Palisade Wall x1 |
| 20:58 | DZT_江海天 · first_building Monastery |
| 21:02 | CharChar · first_building Monastery |
| 22:46 | d · first_building Monastery |
| 23:36 | _DY_镰刀 · first_building Monastery |
| 23:51 | d · first_market_sell 100 wood |
| 23:52 | dadadada · first_building Castle |
| 23:53 | Timbrhoggvandi · first_market_sell 100 food |
| 24:00 | Timbrhoggvandi · first_building Castle |
| 24:16 | CharChar · first_building Castle |
| 24:26 | DZT_江海天 · first_market_sell 100 wood |
| 24:31 | d · first_building Barracks |
| 24:32 | dadadada · first_building Monastery |
| 24:38 | DZT_江海天 · first_building Castle |
| 24:54 | Timbrhoggvandi · first_building Barracks |
| 25:38 | d · first_building Stable |
| 25:48 | Timbrhoggvandi · first_building Archery Range |
| 25:49 | CharChar · first_market_sell 500 food |
| 25:56 | CharChar · first_building Barracks |
| 26:02 | 185双开门 · first_building Barracks |
| 26:09 | dadadada · wall_segment Palisade Wall x1 |
| 26:13 | d · first_building Castle |
| 26:30 | DZT_江海天 · first_building Barracks |
| 26:31 | 185双开门 · first_building Castle |
| 26:36 | _DY_镰刀 · first_building Castle |
| 26:39 | 185双开门 · first_market_sell 100 food |
| 26:39 | Timbrhoggvandi · age_up imperial |
| 26:45 | CharChar · wall_segment Stone Wall x1 |
| 26:47 | CharChar · wall_segment Stone Wall x1 |
| 26:48 | CharChar · wall_segment Stone Wall x1 |
| 27:04 | CharChar · first_building Stable |
| 27:10 | d · age_up imperial |
| 27:36 | _DY_镰刀 · age_up imperial |
| 27:38 | CharChar · first_building Siege Workshop |
| 27:54 | bluepeople · first_building Archery Range |
| 28:02 | _DY_镰刀 · first_building Siege Workshop |
| 28:07 | 185双开门 · first_building Stable |
| 28:21 | dadadada · age_up imperial |
| 28:57 | DZT_江海天 · first_building Stable |
| 29:07 | CharChar · age_up imperial |
| 29:10 | _DY_镰刀 · first_building Barracks |
| 29:13 | d · first_building Siege Workshop |
| 29:15 | DZT_江海天 · first_building Siege Workshop |
| 29:17 | DZT_江海天 · age_up imperial |
| 29:40 | dadadada · first_building Siege Workshop |
| 29:49 | bluepeople · first_building Castle |
| 30:18 | 185双开门 · age_up imperial |
| 30:34 | bluepeople · age_up imperial |
| 31:13 | bluepeople · wall_segment Stone Wall x1 |
| 32:05 | dadadada · first_building Barracks |
| 32:21 | CharChar · wall_segment Palisade Wall x1 |
| 32:24 | CharChar · wall_segment Palisade Wall x1 |
| 33:02 | 185双开门 · first_building Siege Workshop |
| 33:04 | dadadada · first_building Archery Range |
| 33:38 | bluepeople · first_market_buy 100 wood |
| 34:25 | d · wall_segment Palisade Wall x1 |
| 35:47 | CharChar · first_building Archery Range |
| 35:52 | bluepeople · wall_segment Stone Wall x1 |
| 36:27 | bluepeople · first_market_sell 100 food |
| 39:01 | DZT_江海天 · tribute_sent a jugador 1 |
| 39:01 | DZT_江海天 · tribute_sent a jugador 2 |
| 39:01 | DZT_江海天 · tribute_sent a jugador 4 |
| 39:01 | DZT_江海天 · tribute_sent a jugador 5 |
| 39:01 | DZT_江海天 · tribute_sent a jugador 6 |
| 39:01 | DZT_江海天 · tribute_sent a jugador 7 |
| 39:01 | DZT_江海天 · tribute_sent a jugador 8 |
| 39:38 | DZT_江海天 · tribute_sent a jugador 1 |
| 39:38 | DZT_江海天 · tribute_sent a jugador 2 |
| 39:38 | DZT_江海天 · tribute_sent a jugador 4 |
| 39:38 | DZT_江海天 · tribute_sent a jugador 5 |
| 39:38 | DZT_江海天 · tribute_sent a jugador 6 |
| 39:38 | DZT_江海天 · tribute_sent a jugador 7 |
| 39:38 | DZT_江海天 · tribute_sent a jugador 8 |
| 41:42 | DZT_江海天 · resign |
[ AI ANALYSIS · 1 CREDIT ]
What really happened in this match?
Wolo.gg analyzes every decision: build order, eco, micro, common mistakes by bracket. Personalized analysis on WhatsApp or Discord in 30 seconds.
Civ guide
Saracens
Perfil
Jugador #5924815